 Dungeon Crawl Stone Soup version 0.30-a0-297-g0ec75d9ef4 (webtiles) character file.

Game seed: 10315849488628511721

352 AarnesTheHuman the Shield-Bearer (level 6, 0/38 (50) HPs)
             Began as a Formicid Fighter on Oct 18, 2022.
             Slain by a kobold brigand
             ... wielding a +2 dagger of draining
              (4 damage)
             ... on level 3 of the Dungeon.
             The game lasted 00:03:58 (2137 turns).

AarnesTheHuman the Shield-Bearer (Formicid Fighter) Turns: 2137, Time: 00:03:59

HP:   0/38 (50)     AC: 11    Str: 23    XL:     6   Next: 93%
MP:   6/6           EV:  5    Int:  7    God:
Gold: 258           SH: 14    Dex: 13    Spells: 5/5 levels left

rFire   . . .      SeeInvis +    a - +0 quarterstaff
rCold   . . .      Faith    .    p - +0 tower shield
rNeg    . . .      Spirit   .    s - +1 chain mail {rPois}
rPois   +          Reflect  .    (helmet unavailable)
rElec   .          Harm     .    (no cloak)
rCorr   .          Rampage  .    k - +0 pair of gloves
Will    .....                    (no boots)
Stlth   ..........               (no amulet)
HPRegen 0.26/turn                i - ring of wizardry
MPRegen 0.10/turn                (no ring)

@: heavily drained
A: permanent stasis, dig shafts and tunnels, antennae 3, four strong arms
a: Dig, Shaft Self


You were on level 3 of the Dungeon.
You visited 1 branch of the dungeon, and saw 3 of its levels.

You collected 258 gold pieces.

Inventory:

Hand Weapons
 a - a +0 quarterstaff (weapon)
 h - a +0 sling
 t - a +1 vorpal flail
Missiles
 e - 39 stones (quivered)
 q - 9 boomerangs
Armour
 b - a +0 scale mail
 c - a +0 buckler
 k - a +0 pair of gloves (worn)
 p - a +0 tower shield (worn)
 s - a +1 chain mail of poison resistance (worn)
Jewellery
 i - a ring of wizardry (left hand)
 r - an amulet of magic regeneration
Scrolls
 f - 2 scrolls of poison
 j - a scroll of fear {unknown}
 m - a scroll of vulnerability
 n - a scroll of noise
Potions
 d - 2 potions of might
 l - a potion of ambrosia
 o - 3 potions of haste
 u - a potion of heal wounds {unknown}
 v - a potion of curing {unknown}
 w - a potion of cancellation {unknown}


   Skills:
 + Level 4.9 Fighting
 + Level 3.7 Staves
 + Level 4.8 Armour
 + Level 5.8 Shields


You had 5 spell levels left.
You didn't know any spells.
Your spell library contained the following spells:

 Spells                   Type           Power      Damage    Failure   Level
 Freeze                   Ice            0%         1d3       100%        1
 Magic Dart               Conj           0%         1d3       100%        1
 Call Imp                 Summ           0%         N/A       100%        2
 Frozen Ramparts          Ice            0%         1d1       100%        3
 Hailstorm                Conj/Ice       0%         3d3       100%        3
 Mephitic Cloud           Conj/Pois/Air  0%         N/A       100%        3


Dungeon Overview and Level Annotations

Branches:
Dungeon (3/15)

Altars:

Annotations:
D:2 1 runed translucent door, Crazy Yiuf


Innate Abilities, Weirdness & Mutations

You cannot be hasted, slowed, berserked, paralysed or teleported.
You can dig through walls and to a lower floor.
You have a pair of large antennae on your head. (SInv)
Your four strong arms can wield two-handed weapons with a shield.


Message History

The kobold brigand hits you but does no damage.
You feel drained.
The kobold brigand hits you with a +2 dagger of draining.
You feel drained.
You closely miss the kobold brigand.
The kobold brigand is lightly wounded.
You block the kobold brigand's attack.
The kobold brigand hits you with a +2 dagger of draining.
You feel drained.
You closely miss the kobold brigand.
The kobold brigand is lightly wounded.
You block the kobold brigand's attack.
The kobold brigand hits you with a +2 dagger of draining.
You feel drained.
You hit the kobold brigand but do no damage.
The kobold brigand is lightly wounded.
The kobold brigand hits you with a +2 dagger of draining.
You feel drained. You block the kobold brigand's attack.
You closely miss the kobold brigand.
The kobold brigand is lightly wounded.
You block the kobold brigand's attack. The kobold brigand barely misses you.
You barely miss the kobold brigand.
The kobold brigand is lightly wounded.
You block the kobold brigand's attack. The kobold brigand barely misses you.
You thump the kobold brigand!
The kobold brigand is heavily wounded.
You block the kobold brigand's attack.
The kobold brigand hits you with a +2 dagger of draining!
* * * LOW HITPOINT WARNING * * *
You feel drained.
* * * LOW HITPOINT WARNING * * *
Okay, then.
Unknown command.
Okay, then.
Okay, then.
As you read the scroll labelled OWIDIO MELI, it crumbles to dust.
The creatures around you are filled with an inner flame!
It was a scroll of immolation.
The kobold brigand hits you with a +2 dagger of draining.
You die...

.......# ##..##.....,,,,,* ****,
#########*##..#....,,,**** *~_*,
****#~~~###.#...,,,,* ******,*,
*~~~~~~~~~#.##.#***** *,,,,+,*,
*****~~~≈~~~~..#.# #.#***,**
,,,,**#≈~~####...########.# *~_*
{,,,,,#####..))).......##.# ****
####,,,................##^#
~~~#**,....###..@K.....##.#######
~.############.###.######.......#
........................#.#####.#
#.####.....##.###................
#.####.###.#..# #...#######.####.
#........#.#.## #...# #.....##.
....#.##.#.#..###...#***#.8..##..
~..~~~.~.#......#..)#*.##8..##...
~~..~~.#.#......#...#,,.....###..


You could see a kobold brigand (berserk, inner flame).

Vanquished Creatures
  Sigmund (D:2)
  An orc priest (D:3)
  Terence (D:2)
  An orc wizard (D:3)
  4 adders
  2 worms (D:3)
  2 dart slugs
  6 orcs (D:3)
  3 ball pythons
  2 bats (D:1)
  6 endoplasms
  4 giant cockroaches (D:1)
  5 goblins
  6 hobgoblins
  9 jackals
  2 quokkas
  3 frilled lizards (D:1)
  7 kobolds
  4 rats (D:1)
69 creatures vanquished.

Vanquished Creatures (others)
  2 plants (D:1)
2 creatures vanquished.

Grand Total: 71 creatures vanquished

Notes
Turn   | Place    | Note
-------+----------+-------------------------------------------
     0 | D:1      | AarnesTheHuman the Formicid Fighter began the quest for the
                  | Orb.
     0 | D:1      | Reached XP level 1. HP: 18/18 MP: 1/1
    58 | D:1      | Reached XP level 2. HP: 9/24 MP: 2/2
   300 | D:1      | Reached XP level 3. HP: 29/29 MP: 3/3
   453 | D:1      | Found a faded altar of an unknown god.
   867 | D:2      | Noticed Terence
   873 | D:2      | Reached XP level 4. HP: 37/37 MP: 4/4
   881 | D:2      | Killed Terence
  1196 | D:2      | Found a runed translucent door.
  1197 | D:2      | Noticed Crazy Yiuf
  1278 | D:2      | Noticed Sigmund
  1294 | D:2      | Killed Sigmund
  1295 | D:2      | Reached skill level 5 in Shields
  1295 | D:2      | Reached XP level 5. HP: 32/43 MP: 5/5
  1295 | D:2      | Reached XP level 6. HP: 37/49 MP: 6/6
  2137 | D:3      | Slain by a kobold brigand

Illustrated notes

Levels and vault maps discovered:
D:1:      onia_arrival_mini_spirals, layout_basic,
          dreamdust_ecumenical_altar_grove
D:2:      layout_basic, uniq_crazy_yiuf_cottage, uniq_sigmund, uniq_terence
D:3:      cheibrodos_thug_alley, layout_basic,
          gammafunk_temple_overflow_elements, minmay_misc_feat_columns,
          chequers_serial_rivers_marsh, guppyfry_early_orc_mine

Skill      XL: |  1  2  3  4 |
---------------+-------------+-----
Fighting       | 4 |  4.9
Armour         | 4 |  4.8
Staves         | 3 |  3.7
Shields        | 5 |  5.8

Action                   |  1- 3 |  4- 6 || total
-------------------------+-------+-------++-------
Melee: Quarterstaff      |   107 |   133 ||   240
  Use: Scroll            |       |     9 ||     9
Armor: Scale mail        |    48 |     2 ||    50
       Chain mail        |       |    61 ||    61
Dodge: Dodged            |    63 |    27 ||    90
Block: Buckler           |    30 |       ||    30
       Tower shield      |     3 |   122 ||   125

Table legend: (Time is in decaauts)
 A = Elapsed time spent in this place.
 B = Non-inter-level travel time spent in this place.
 C = Inter-level travel time spent in this place.
 D = Time resting spent in this place.
 E = Time spent auto-exploring this place.
 F = Levels seen in this place.
 G = Mean time per level.
                   A        B        C        D        E       F      G
               +--------+--------+--------+--------+--------+-----+--------+
         Total |   2219 |   2092 |    127 |     51 |   1438 |   3 |  739.7 |
       Dungeon |   2219 |   2092 |    127 |     51 |   1438 |   3 |  739.7 |
               +--------+--------+--------+--------+--------+-----+--------+

Top non-repeatable levels by time:
     D:1: 851 daAuts
     D:2: 717 daAuts
     D:3: 650 daAuts
